 Dungeon Crawl Stone Soup version 0.20.0-10-g0535bb4 (webtiles) character file.

9771 Hildebrand the Fighter (level 11, -15/165 HPs)
             Began as a Minotaur Berserker on June 6, 2017.
             Was an Elder of Trog.
             Killed from afar by a fire dragon (37 damage)
             ... with a blast of flame
             ... on level 9 of the Dungeon.
             The game lasted 00:41:05 (10599 turns).

Hildebrand the Fighter (Minotaur Berserker)        Turns: 10599, Time: 00:41:05

Health: -15/165    AC: 13    Str: 28    XL:     11   Next: 27%
Magic:  10/10      EV: 11    Int:  6    God:    Trog [****..]
Gold:   470        SH:  0    Dex: 14    Spells: 10/10 levels left

rFire    . . .     SeeInvis .   E - +2 battleaxe (venom)
rCold    + + .     Gourm    .   (shield currently unavailable)
rNeg     . . .     Faith    .   p - +0 chain mail
rPois    .         Spirit   .   (helmet restricted)
rElec    .         Reflect  .   r - scarf {rC+ rF+}
rCorr    .         Harm     .   e - +1 pair of gloves
MR       ++...                  u - +0 pair of boots
Stlth    ..........             (no amulet)
Regen    1.4/turn               h - +4 ring of dexterity
MPRegen  0.2/turn               D - ring of ice

@: berserking, regenerating, very quick
A: retaliatory headbutt, horns 2
a: Berserk, Trog's Hand, Brothers in Arms, Burn Spellbooks, Renounce Religion


You were on level 9 of the Dungeon.
You worshipped Trog.
Trog was greatly pleased with you.
You were hungry.

You visited 2 branches of the dungeon, and saw 10 of its levels.

You collected 470 gold pieces.

Inventory:

Hand Weapons
 E - a +2 battleaxe of venom (weapon)
Missiles
 b - 5 steel tomahawks
 m - 3 tomahawks (quivered)
 A - 5 tomahawks of dispersal
Armour
 e - a +1 pair of gloves (worn)
 p - a +0 chain mail (worn)
 r - a scarf of resistance (worn)
 t - a +1 cloak of magic resistance
 u - a +0 pair of boots (worn)
Jewellery
 h - a +4 ring of dexterity (left hand)
 D - a ring of ice (right hand)
Wands
 w - a wand of disintegration (24/24)
 x - a wand of digging (9/24)
 y - a wand of disintegration (11/24)
 C - a wand of iceblast (6/15)
Scrolls
 i - 2 scrolls of fear
 l - 7 scrolls of remove curse
 n - 2 scrolls of magic mapping
 o - 2 scrolls of teleportation
Potions
 a - a potion of flight
 d - a potion of lignification {unknown}
 g - a potion of invisibility
 k - 2 potions of curing
 q - a potion of resistance {unknown}
 s - a potion of ambrosia {unknown}
 v - a potion of magic {unknown}
 z - 2 potions of haste
 G - a potion of heal wounds {unknown}
Comestibles
 c - 5 bread rations
 f - 6 meat rations
 j - 9 fruits
 B - a royal jelly


   Skills:
 * Level 14.0 Fighting
 * Level 13.9 Axes
 + Level 5.4 Armour
 + Level 5.1 Dodging


You had 10 spell levels left.
You didn't know any spells.

Dungeon Overview and Level Annotations

Branches:
Dungeon (9/15)             Temple (1/1) D:7
   Lair: D:8-11         Orc: D:9-12

Altars:
Gozag
Kikubaaqudgha
Okawaru
Qazlal
Sif Muna
Uskayaw
Yredelemnul

Shops:
D:7 *


Innate Abilities, Weirdness & Mutations

You reflexively headbutt those who attack you in melee.
You have a pair of horns on your head.


Message History

The fire dragon is heavily wounded.
The fire dragon bites you.
* * * LOW HITPOINT WARNING * * *
The fire dragon claws you but does no damage.
The fire dragon barely misses you.
Damage: -3%(-4hp) hp: 16%(26hp)
You completely miss the fire dragon.
The fire dragon is moderately wounded.
You barely miss the fire dragon.
You headbutt the fire dragon, but do no damage.
The fire dragon is heavily wounded.
The fire dragon misses you. The fire dragon claws you!
* * * LOW HITPOINT WARNING * * *
The fire dragon tramples you but does no damage.
Huge Dmg: -4%(-6hp) hp: 13%(21hp)
You closely miss the fire dragon. You headbutt the fire dragon!
The fire dragon is severely wounded.
The fire dragon breathes flames at you. The blast of flame hits you!
You die...

.....####..........#
.....# ##..........#
.....# #...........###
.....# #.......).....#
.....# #...######....#
.....# #..## #.)..#
.....# #..# #8'8.#
##'### #..#.######.#.#
#..# #..#....D@..#.#
#.## ##.#.....'..#.#
#.# #.#.######[#.# #.#
#.# #8'8.#
#.#######.## #....#
.....).....######....#
#.#######............#
#.# ###......###.# #.#
#..........#


You could see a fire dragon.

Vanquished Creatures
  An ettin (D:9)
  2 two-headed ogres
  The ghost of Snack the Fighter, a novice BaAr (D:7)
  A cyclops (D:9)
  Maurice (D:9)
  An efreet (D:9)
  Grinder (D:3)
  A hippogriff (D:7)
  Prince Ribbit (D:9)
  Eustachio (D:6)
  A vampire (D:9)
  A vampire mosquito (D:9)
  Edmund (D:6)
  2 water moccasins
  2 orc warriors
  5 ice beasts
  2 phantoms
  6 ogres
  4 centaurs
  A big kobold (D:9)
  6 bullfrogs
  3 scorpions
  4 killer bees
  2 howler monkeys
  7 wights
  A bullfrog zombie (D:4)
  4 crimson imps
  2 centaur zombies
  A quasit (D:9)
  5 hounds
  2 jellies
  Crazy Yiuf (D:3)
  A bullfrog skeleton (D:9)
  3 orc priests
  Ijyb (D:3)
  7 orc wizards
  Jessica (D:3)
  Terence (D:3)
  A centaur skeleton (D:6)
  14 worker ants
  An iguana (D:4)
  3 killer bee zombies
  2 hound skeletons
  4 gnolls (D:7)
  7 adders
  2 shadow imps (D:6)
  An adder zombie (D:5)
  An adder skeleton (D:5)
  2 worms (D:3)
  8 leopard geckos
  27 orcs
  2 ball pythons
  10 bats
  A bat zombie (D:6)
  10 giant cockroaches
  10 goblins
  7 hobgoblins
  5 jackals
  2 quokkas
  7 frilled lizards
  12 kobolds
  5 rats
  2 butterflies (D:7)
  A plant (D:1)
235 creatures vanquished.

Vanquished Creatures (collateral kills)
  A hydra (D:9)
  A howler monkey (D:9)
2 creatures vanquished.

Vanquished Creatures (others)
  A worker ant (D:4)
1 creature vanquished.

Grand Total: 238 creatures vanquished

Notes
Turn   | Place    | Note
-------+----------+-------------------------------------------
     0 | D:1      | Hildebrand the Minotaur Berserker began the quest for the Orb.
     0 | D:1      | Reached XP level 1. HP: 19/19 MP: 0/0
    51 | D:1      | Huge Dmg: 4 dmg
    53 | D:1      | Huge Dmg: 4 dmg
    54 | D:1      | Huge Dmg: 4 dmg
   462 | D:1      | Reached skill level 4 in Fighting
   462 | D:1      | Reached XP level 2. HP: 21/27 MP: 1/1
  1357 | D:2      | Reached XP level 3. HP: 31/34 MP: 2/2
  1543 | D:2      | Reached ** piety under Trog
  1858 | D:3      | Noticed Terence
  1870 | D:3      | Killed Terence
  1870 | D:3      | Reached skill level 5 in Fighting
  1949 | D:3      | Reached XP level 4. HP: 42/42 MP: 3/3
  2041 | D:3      | Found a hide-covered altar of Uskayaw.
  2042 | D:3      | Noticed a hand axe
  2042 | D:3      | Noticed an enchanted hand axe
  2103 | D:3      | Noticed Ijyb
  2112 | D:3      | Huge Dmg: 16 dmg
  2113 | D:3      | Huge Dmg: 10 dmg
  2119 | D:3      | Killed Ijyb
  2119 | D:3      | Reached skill level 5 in Axes
  2374 | D:3      | Noticed Grinder
  2386 | D:3      | Huge Dmg: 9 dmg
  2392 | D:3      | Killed Grinder
  2392 | D:3      | Reached skill level 6 in Fighting
  2392 | D:3      | Reached XP level 5. HP: 41/51 MP: 4/4
  2392 | D:3      | Reached XP level 6. HP: 46/58 MP: 5/5
  2710 | D:3      | Noticed an ice beast
  2718 | D:3      | Killed an ice beast
  2718 | D:3      | Reached skill level 7 in Fighting
  2758 | D:3      | Noticed Jessica
  2763 | D:3      | Killed Jessica
  2801 | D:3      | Reached XP level 7. HP: 60/66 MP: 6/6
  3190 | D:3      | Found a runed door.
  3194 | D:3      | Noticed Crazy Yiuf
  3202 | D:3      | Killed Crazy Yiuf
  3568 | D:4      | Got a scorched flail
  3569 | D:4      | Identified the +0 flail of Kour {holy, rElec rF+ Dex-4 SInv} (You found it on level 4 of the Dungeon)
  3796 | D:4      | Reached skill level 8 in Fighting
  4148 | D:5      | Entered Level 5 of the Dungeon
  4157 | D:5      | Reached *** piety under Trog
  4357 | D:5      | Found an iron altar of Okawaru.
  4416 | D:5      | Reached XP level 8. HP: 75/77 MP: 7/7
  4435 | D:5      | Reached skill level 9 in Fighting
  4754 | D:5      | Huge Dmg: 20 dmg
  5382 | D:6      | Found a deep blue altar of Sif Muna.
  5567 | D:6      | Huge Dmg: 18 dmg
  5713 | D:6      | Noticed Eustachio
  5716 | D:6      | Huge Dmg: 16 dmg
  5723 | D:6      | Killed Eustachio
  5723 | D:6      | Reached skill level 10 in Fighting
  5723 | D:6      | Reached skill level 10 in Axes
  5815 | D:6      | Noticed Edmund
  5825 | D:6      | Huge Dmg: 10 dmg
  5826 | D:6      | Huge Dmg: 19 dmg
  5828 | D:6      | Huge Dmg: 9 dmg
  5831 | D:6      | Killed Edmund
  5831 | D:6      | Reached XP level 9. HP: 18/86 MP: 8/8
  6257 | D:6      | Reached skill level 11 in Fighting
  6588 | D:6      | Reached **** piety under Trog
  6722 | D:6      | Found an ancient bone altar of Kikubaaqudgha.
  6836 | D:7      | Noticed Snack's ghost (novice BaAr)
  6850 | D:7      | Huge Dmg: 20 dmg
  6853 | D:7      | Huge Dmg: 13 dmg
  6855 | D:7      | Killed Snack's ghost
  6855 | D:7      | Reached skill level 12 in Fighting
  6860 | D:7      | Huge Dmg: 17 dmg
  7060 | D:7      | Found an opulent altar of Gozag.
  7268 | D:7      | Reached XP level 10. HP: 85/99 MP: 9/9
  7275 | D:7      | Found a runed door.
  7287 | D:7      | Found a runed door.
  7447 | D:7      | Found a staircase to the Ecumenical Temple.
  7472 | Temple   | Entered the Ecumenical Temple
  7701 | D:7      | Found Ruvexkit's Retail Resort.
  7769 | D:8      | Noticed a two-headed ogre
  7777 | D:8      | Huge Dmg: 36 dmg
  7780 | D:8      | Huge Dmg: 27 dmg
  7780 | D:8      | Killed a two-headed ogre
  7785 | D:8      | Huge Dmg: 13 dmg
  8030 | D:8      | Received a gift from Trog
  8256 | D:8      | Found a stormy altar of Qazlal.
  8324 | D:8      | Reached skill level 13 in Fighting
  9176 | D:9      | Noticed a cyclops
  9184 | D:9      | Huge Dmg: 43 dmg
  9194 | D:9      | Huge Dmg: 20 dmg
  9198 | D:9      | Huge Dmg: 17 dmg
  9199 | D:9      | Huge Dmg: 9 dmg
  9202 | D:9      | Killed a cyclops
  9207 | D:9      | Huge Dmg: 10 dmg
  9463 | D:9      | Found a large runed door.
  9466 | D:9      | Found a large runed door.
  9473 | D:9      | Noticed a seven-headed hydra
  9481 | D:9      | Huge Dmg: 36 dmg
  9482 | D:9      | Huge Dmg: 15 dmg
  9484 | D:9      | Huge Dmg: 12 dmg
  9484 | D:9      | Killed a seven-headed hydra
  9485 | D:9      | Huge Dmg: 22 dmg
  9640 | D:9      | Huge Dmg: 16 dmg
  9846 | D:9      | Noticed a two-headed ogre
  9851 | D:9      | Killed a two-headed ogre
  9851 | D:9      | Reached XP level 11. HP: 77/108 MP: 10/10
  9962 | D:9      | Noticed Maurice
  9986 | D:9      | Killed Maurice
 10101 | D:9      | Reached skill level 5 in Armour
 10281 | D:9      | Noticed Prince Ribbit
 10286 | D:9      | Killed Prince Ribbit
 10587 | D:9      | Noticed an ettin
 10590 | D:9      | Huge Dmg: 23 dmg
 10591 | D:9      | Noticed a fire dragon
 10592 | D:9      | Huge Dmg: 35 dmg
 10593 | D:9      | Huge Dmg: 16 dmg
 10594 | D:9      | Killed an ettin
 10594 | D:9      | Reached skill level 14 in Fighting
 10594 | D:9      | Reached skill level 5 in Dodging
 10599 | D:9      | Huge Dmg: 6 dmg
 10599 | D:9      | Killed from afar by a fire dragon

Skill      XL: |  1  2  3  4  5  6  7  8  9 10 11 |
---------------+----------------------------------+-----
Axes           | 4 6 7 8 10 12 13 | 13.9
Fighting       | 4 5 6 7 8 10 12 13 14 | 14.0
Armour         | 4 5 |  5.4
Dodging        | 4 5 |  5.1

Action                   |  1- 3 |  4- 6 |  7- 9 | 10-12 || total
-------------------------+-------+-------+-------+-------++-------
Melee: Hand axe          |    94 |     7 |       |       ||   101
       Headbutt          |    17 |    19 |    72 |    44 ||   152
       War axe           |       |    80 |   294 |    64 ||   438
       Battleaxe         |       |       |       |   121 ||   121
Invok: Trog's Hand       |     1 |     2 |     4 |     6 ||    13
       Berserk           |       |       |     2 |     3 ||     5
       Burn Spellbooks   |       |       |     1 |     1 ||     2
       Brothers in Arms  |       |       |       |     1 ||     1
  Use: Scroll            |     4 |     1 |     7 |     5 ||    17
  Eat: Chunk             |     4 |     3 |    13 |     6 ||    26
       Bread ration      |       |       |     1 |     2 ||     3
Armor: Animal skin       |    18 |       |       |       ||    18
       Scale mail        |       |    15 |       |       ||    15
       Chain mail        |       |    24 |   158 |    87 ||   269
Dodge: Dodged            |    40 |    28 |   123 |    92 ||   283
